[Event "*** SCC Grand Prix: Titled Tuesday Blitz"]
[Site "Chess.com"]
[Date "2020.10.13"]
[Round "6"]
[White "wannabe2700"]
[Black "aloe_normansen"]
[Result "1-0"]
[WhiteElo "2700"]
[BlackElo "2359"]
[TimeControl "180+1"]
[EndTime "11:09:25 PDT"]
[Termination "wannabe2700 won on time"]

1. e4 c5 2. d4 cxd4 3. Nf3 d6 4. Nxd4 Nf6 5. Nc3 a6 6. Be3 e6 7. a3 b5 8. g4 h6 9. Bg2 Bb7 10. h4 h5 11. g5 Ng4 12. g6 Nd7 13. gxf7+ Kxf7 14. Bg5 Be7 15. Qd2 Ndf6 16. O-O-O Qb6 17. f4 Rac8 18.
f5 e5 19. Ne6 b4 20. axb4 Qxb4 21. Rh3 Rc4 22. Bxf6 Nxf6 23. Ng5+ Ke8 24. Rd3 Qb6 25. b3 Rc8 26. Kb2 a5 27. Ra1 Ba6 28. Na4 Qb4 29.
Qxb4 axb4 30. Re3 Bb5 31. Nb6 Rb8 32. Ra8 Rxa8 33. Nxa8 Kd7 34. Nb6+ Kc6 35. Na4 Bxa4 36. bxa4 Ra8 37. Kb3 Nd7 38. Ne6 Bf6 39. Kxb4 Nc5 40. Nxc5 dxc5+ 41. Ka3 c4 42. Bf1 Be7+ 43. Kb2 Kc5 44. Ra3 Kb4 45. c3+ Kc5 46. a5 Kb5 47. Ra2 Rxa5 48. Bxc4+ Kb6 49. Rxa5 Kxa5 50. Be2 Bxh4 51.
Bxh5 Bf6 52. Kb3 Kb5 53. Be2+ Kc5 54. Bd3 Be7 55. Kc2 Bf6 56. Kd2 Bg5+ 57. Ke2 Bh6 58. Ke1 Bg5 59. Kf2 Bf6 60. Kf3 Kc6 61. Kg4 Kc5 62. Kh5 Kc6 63. Kg6 Kc5 64. Kf7 Kd6 65. Ke8 Kc5 66. Kd7 Bg5 67. Kc7 Bf6 68. Kb7 Bg5 69.
Ka6 Bd2 70. c4 Bg5 71. Kb7 Bf6 72. Kc7 Be7 73. Kd7 Bf6 74. Ke6 Kc6 75. Bc2 Kc5 76. Bb3 Kc6 77. Ba4+ Kc5 78. Bb5 Kb6 79. Kd6 Kb7 80.
Bd7 Kb6 81. c5+ Ka7 82. c6 1-0

[Event "*** SCC Grand Prix: Titled Tuesday Blitz"]
[Site "Chess.com"]
[Date "2020.10.13"]
[Round "7"]
[White "seorobert1971"]
[Black "Shield12"]
[Result "1/2-1/2"]
[WhiteElo "2724"]
[BlackElo "2827"]
[TimeControl "180+1"]
[EndTime "11:10:48 PDT"]
[Termination "Game drawn by repetition"]

1. Nf3 c5 2. c4 Nf6 3. Nc3 Nc6 4. e3 g6 5. d4 cxd4 6. exd4 d5 7. cxd5 Nxd5 8. Qb3 Nxc3 9. Bc4 e6 10. bxc3 Bg7 11. Ba3 Bf8 12. Bc1 Bg7 13. Ba3 Bf8 14. Bc1 1/2-1/2

[Event "*** SCC Grand Prix: Titled Tuesday Blitz"]
[Site "Chess.com"]
[Date "2020.10.13"]
[Round "7"]
[White "1977Ivan"]
[Black "redbaron8888"]
[Result "1-0"]
[WhiteElo "2687"]
[BlackElo "2513"]
[TimeControl "180+1"]
[EndTime "11:12:19 PDT"]
[Termination "1977Ivan won by resignation"]

1. d4 Nf6 2. Nf3 e6 3. Nbd2 c5 4. e3 d5 5. c3 Nc6 6. Bd3 Bd6 7. O-O cxd4 8. exd4 O-O 9. Re1 Qc7 10. Qe2 Re8 11. Ne5 Bxe5 12. dxe5 Nd7 13. Nf3 h6 14. Bf4 Nc5 15.
Bc2 b6 16. h4 a5 17. Qe3 Qe7 18. Bxh6 gxh6 19. Qxh6 f5 20. exf6 Qc7 21. Ng5 1-0

[Event "*** SCC Grand Prix: Titled Tuesday Blitz"]
[Site "Chess.com"]
[Date "2020.10.13"]
[Round "7"]
[White "googlegoom"]
[Black "AldokhinIvan"]
[Result "0-1"]
[WhiteElo "2373"]
[BlackElo "2546"]
[TimeControl "180+1"]
[EndTime "11:12:25 PDT"]
[Termination "AldokhinIvan won by resignation"]

1. Nf3 Nf6 2. b3 g6 3. Bb2 Bg7 4. e3 O-O 5. d4 d5 6. Be2 c5 7. O-O Nc6 8. Nbd2 cxd4 9. Nxd4 Qb6 10. Nxc6 bxc6 11. c4 Rd8 12. Qc1 a5 13. c5 Qb4 14.
a3 Qb8 15. Bc3 e5 16. Qb2 d4 17. exd4 exd4 18. Bxd4 Ng4 19. Bxg4 Bxd4 20. Qc2 Bxg4 21. Rab1 Bf5 0-1

[Event "*** SCC Grand Prix: Titled Tuesday Blitz"]
[Site "Chess.com"]
[Date "2020.10.13"]
[Round "7"]
[White "PetrolulSah"]
[Black "TC2304"]
[Result "1-0"]
[WhiteElo "2157"]
[BlackElo "2222"]
[TimeControl "180+1"]
[EndTime "11:12:31 PDT"]
[Termination "PetrolulSah won by resignation"]

1. d4 Nf6 2. c4 c5 3. Nf3 cxd4 4. Nxd4 e5 5. Nb5 d5 6. cxd5 Bc5 7. e3 O-O 8. N5c3 e4 9. Bc4 Nbd7 10. O-O Ne5 11. Bb3 Re8 12. Nd2 Nd3 13. Ndxe4 Nxc1 14. Nxf6+ Qxf6 15. Rxc1 Qh4 16. Qf3 Bd6 17. g3 Qg5 18.
Ne4 Rxe4 19. Qxe4 Bh3 20. Rfd1 Kf8 21. Qxh7 Qf5 1-0

[Event "*** SCC Grand Prix: Titled Tuesday Blitz"]
[Site "Chess.com"]
[Date "2020.10.13"]
[Round "7"]
[White "zmeeed67"]
[Black "GAusal"]
[Result "1-0"]
[WhiteElo "2358"]
[BlackElo "2040"]
[TimeControl "180+1"]
[EndTime "11:12:38 PDT"]
[Termination "zmeeed67 won by resignation"]

1. e4 e5 2. Nf3 Nc6 3. c3 Nf6 4. d4 Nxe4 5. d5 Ne7 6. Nxe5 d6 7. Bb5+ c6 8. dxc6 bxc6 9. Nxc6 Qb6 10. Nd4+ Bd7 11.
Bxd7+ Kxd7 12. O-O Ng6 13. Qg4+ Kc7 14. Qxe4 Be7 15. Na3 Rhe8 16. Nab5+ Kd8 17. Be3 Rb8 18. Nc6+ 1-0

[Event "*** SCC Grand Prix: Titled Tuesday Blitz"]
[Site "Chess.com"]
[Date "2020.10.13"]
[Round "7"]
[White "niki_2003"]
[Black "Falcon28dz"]
[Result "0-1"]
[WhiteElo "1796"]
[BlackElo "2284"]
[TimeControl "180+1"]
[EndTime "11:12:42 PDT"]
[Termination "Falcon28dz won by resignation"]

1. d4 Nf6 2. c4 e6 3. Nc3 Bb4 4.
Nf3 O-O 5. Qc2 b6 6. g3 Bb7 7. Bg2 c5 8. O-O cxd4 9. Nxd4 Bxg2 10. Kxg2 Nc6 11. Nxc6 dxc6 12. Bg5 Be7 13. Rfd1 Qc7 14. Bxf6 Bxf6 15. Ne4 Be7 16. a3 c5 17. Nc3 Rad8 18. Nb5 Qb8 19. Qe4 Bf6 20. Rab1 Rxd1 21. Rxd1 Bxb2 22.
Nd6 Rd8 23. Qc6 Be5 24. Nc8 Qxc8 25. Qxc8 Rxc8 26. Rd7 Bb8 27. Rb7 g6 0-1

[Event "*** SCC Grand Prix: Titled Tuesday Blitz"]
[Site "Chess.com"]
[Date "2020.10.13"]
[Round "7"]
[White "pastouche06"]
[Black "Kaslask"]
[Result "1-0"]
[WhiteElo "2465"]
[BlackElo "2265"]
[TimeControl "180+1"]
[EndTime "11:12:43 PDT"]
[Termination "pastouche06 won by resignation"]

1. d4 Nf6 2. c4 g6 3. f3 Bg7 4. e4 d6 5. Ne2 O-O 6. Be3 Nbd7 7. Qd2 c5 8. d5 e6 9. Nec3 exd5 10. cxd5 a6 11. a4 Rb8 12. Be2 h5 13. O-O Qc7 14. Na3 Nh7 15. Rac1 Ne5 16. h3 Qa5 17. f4 Nd7 18. Nc4 Qb4 19. Nxd6 b5 20. axb5 axb5 21. e5 c4 22. Nce4 f5 23. Qxb4 1-0

[Event "*** SCC Grand Prix: Titled Tuesday Blitz"]
[Site "Chess.com"]
[Date "2020.10.13"]
[Round "7"]
[White "mjray79"]
[Black "Ariadna_Atreides"]
[Result "1-0"]
[WhiteElo "2428"]
[BlackElo "2053"]
[TimeControl "180+1"]
[EndTime "11:12:45 PDT"]
[Termination "mjray79 won by checkmate"]

1. d4 e6 2. c4 Bb4+ 3. Bd2 Qe7 4. Nf3 Nf6 5. g3 b6 6. Bg2 Bb7 7. O-O Bxd2 8. Nbxd2 O-O 9. Re1 Ne4 10. Nxe4 Bxe4 11. Nd2 Bxg2 12. Kxg2 c5 13. Nf3 Nc6 14. d5 exd5 15.
cxd5 Ne5 16. Qb3 d6 17. e4 c4 18. Qc3 Nd3 19. Re2 b5 20. Nd4 Qb7 21. Nf5 Rfd8 22. Qxg7# 1-0

[Event "*** SCC Grand Prix: Titled Tuesday Blitz"]
[Site "Chess.com"]
[Date "2020.10.13"]
[Round "7"]
[White "sopo-tereladze"]
[Black "Quiet_Desperation"]
[Result "1-0"]
[WhiteElo "2288"]
[BlackElo "1914"]
[TimeControl "180+1"]
[EndTime "11:12:57 PDT"]
[Termination "sopo-tereladze won by resignation"]

1. d4 Nf6 2. Nf3 g6 3. Bf4 Bg7 4. e3 d6 5. h3 O-O 6. Be2 Nc6 7. O-O Re8 8. Bh2 a6 9. c3 Bd7 10. Na3 e5 11. dxe5 dxe5 12. Nc4 e4 13. Nfe5 Nxe5 14. Nxe5 Be6 15. Bc4 Qe7 16. Bxe6 Qxe6 17. Qb3 Nd5 18. Rad1 Nxe3 19. fxe3 Bxe5 20. Bxe5 Qxe5 21.
Qxf7+ Kh8 22. Rd7 1-0

[Event "*** SCC Grand Prix: Titled Tuesday Blitz"]
[Site "Chess.com"]
[Date "2020.10.13"]
[Round "7"]
[White "MF1966Idrisov"]
[Black "kinga2008"]
[Result "1-0"]
[WhiteElo "2341"]
[BlackElo "2184"]
[TimeControl "180+1"]
[EndTime "11:13:14 PDT"]
[Termination "MF1966Idrisov won by resignation"]

1. Nf3 c5 2. b3 d5 3. e3 Nc6 4.
Bb2 Bg4 5. Be2 Nf6 6. Ne5 Nxe5 7. Bxe5 Bxe2 8. Qxe2 e6 9. O-O Bd6 10. f4 O-O 11. d3 Bxe5 12. fxe5 Nd7 13. d4 f6 14. exf6 Rxf6 15. Nd2 Qb6 16. c3 cxd4 17. exd4 Raf8 18.
Rxf6 Nxf6 19. Rf1 Rc8 20. Rf3 Qa5 21. Qxe6+ 1-0

[Event "*** SCC Grand Prix: Titled Tuesday Blitz"]
[Site "Chess.com"]
[Date "2020.10.13"]
[Round "7"]
[White "Ranindu2003"]
[Black "Inga83"]
[Result "1-0"]
[WhiteElo "2610"]
[BlackElo "2401"]
[TimeControl "180+1"]
[EndTime "11:13:16 PDT"]
[Termination "Ranindu2003 won by resignation"]

1. e4 c6 2. d4 d5 3. e5 Bf5 4.
Nd2 e6 5. Nb3 Nd7 6. Nf3 c5 7.
dxc5 a6 8. Be3 Qc7 9. Be2 Nxc5 10. Nbd4 Bg6 11. O-O Ne7 12. Rc1 Nc6 13. c4 dxc4 14. Rxc4 Nxe5 15. Nxe5 Qxe5 16. Nf3 Qf5 17. Qc1 Nd7 18.
Rc8+ Rxc8 19. Qxc8+ Ke7 20. Rd1 e5 21. Rxd7+ Qxd7 22. Bc5+ Ke6 23. Bc4+ 1-0

[Event "*** SCC Grand Prix: Titled Tuesday Blitz"]
[Site "Chess.com"]
[Date "2020.10.13"]
[Round "7"]
[White "As0nchess"]
[Black "kingofthenil"]
[Result "1-0"]
[WhiteElo "2624"]
[BlackElo "2460"]
[TimeControl "180+1"]
[EndTime "11:13:30 PDT"]
[Termination "As0nchess won by resignation"]

1. e4 Nc6 2. Nf3 d5 3. exd5 Qxd5 4. Nc3 Qh5 5. Nb5 Bg4 6. Nxc7+ Kd8 7. Nxa8 e5 8. Be2 f5 9. d3 Kc8 10. h3 Nf6 11.
Rg1 Bxf3 12. Bxf3 Qe8 13. Bg5 Nd4 14. c3 Ne6 15. Bxf6 gxf6 16. Qb3 Nc5 17. Qd5 e4 18. dxe4 fxe4 19. Bg4+ Kb8 20. O-O-O Bh6+ 21. Kb1 Qe7 22. Qd6+ Qxd6 23. Rxd6 Kxa8 24. Rxf6 Bg7 25. Rf7 Bh6 26. Rd1 Nd3 27. Be2 Nf4 28. Bf1 a6 29. g3 Ng6 30.
Bg2 Ne5 31. Re7 Nc6 32. Re6 Rf8 33. Rxh6 Rxf2 34. Bxe4 Ne5 35. Rxh7 Nc4 36. Rxb7 Nd2+ 37. Ka1 Nxe4 38. Re7 1-0

[Event "*** SCC Grand Prix: Titled Tuesday Blitz"]
[Site "Chess.com"]
[Date "2020.10.13"]
[Round "7"]
[White "NMZanette"]
[Black "Castleqweenside7447"]
[Result "1/2-1/2"]
[WhiteElo "2259"]
[BlackElo "2438"]
[TimeControl "180+1"]
[EndTime "11:13:31 PDT"]
[Termination "Game drawn by repetition"]

1. e4 c6 2. Nc3 d5 3. Nf3 dxe4 4. Nxe4 Bf5 5. Ng3 Bg4 6. h3 Bxf3 7. Qxf3 Nd7 8. d4 Ngf6 9. Bc4 e6 10. O-O Bd6 11.
Ne4 Nxe4 12. Qxe4 O-O 13. c3 Nf6 14. Qe2 Qc7 15. Bg5 Nd5 16. g3 Rfe8 17. Qf3 Be7 18. Bd2 Rad8 19. Rae1 a6 20. Re4 Nf6 21. Re2 c5 22.
dxc5 Bxc5 23. Bb3 b5 24. Bg5 Be7 25. Bf4 Bd6 26. Bg5 Be7 27. Bf4 Bd6 28. Bg5 Be7 1/2-1/2

[Event "*** SCC Grand Prix: Titled Tuesday Blitz"]
[Site "Chess.com"]
[Date "2020.10.13"]
[Round "7"]
[White "FairChess_on_YouTube"]
[Black "FMJoseHerrera"]
[Result "1-0"]
[WhiteElo "2973"]
[BlackElo "2563"]
[TimeControl "180+1"]
[EndTime "11:13:38 PDT"]
[Termination "FairChess_on_YouTube won by resignation"]

1. e4 c5 2. Nc3 e6 3. Nge2 a6 4.
g3 Qc7 5. Bg2 b6 6. d4 cxd4 7.
Nxd4 Bb7 8. O-O d6 9. f4 Nd7 10.
f5 e5 11. Ne6 fxe6 12. fxe6 Ndf6 13. Nd5 Bxd5 14. exd5 h5 15. Qd3 Ne7 16. Bg5 Qc5+ 17. Kh1 Qb5 18. c4 Qxb2 19. Rab1 Qxa2 20. Rxb6 Rc8 21.
Rxd6 Qxc4 22. Qxc4 Rxc4 23. Rxa6 Nexd5 24. Bxd5 1-0

[Event "*** SCC Grand Prix: Titled Tuesday Blitz"]
[Site "Chess.com"]
[Date "2020.10.13"]
[Round "7"]
[White "SHIVACalypso"]
[Black "Barmen_EV"]
[Result "0-1"]
[WhiteElo "2361"]
[BlackElo "2497"]
[TimeControl "180+1"]
[EndTime "11:13:38 PDT"]
[Termination "Barmen_EV won by resignation"]

1. Nf3 d5 2. c4 d4 3. e3 Nc6 4. exd4 Nxd4 5. Nxd4 Qxd4 6. Nc3 e5 7. Nd5 Bc5 8. Qf3 Bg4 9. Qg3 O-O-O 10. h3 Be6 11. Ne3 Nf6 12. d3 Bb4+ 13. Bd2 Bxd2+ 14. Kxd2 Ne4+ 0-1

[Event "*** SCC Grand Prix: Titled Tuesday Blitz"]
[Site "Chess.com"]
[Date "2020.10.13"]
[Round "7"]
[White "zverr1"]
[Black "Nikita_Klepikov"]
[Result "0-1"]
[WhiteElo "2396"]
[BlackElo "2254"]
[TimeControl "180+1"]
[EndTime "11:13:39 PDT"]
[Termination "Nikita_Klepikov won by resignation"]

1. e4 d5 2. exd5 Nf6 3. Bb5+ Nbd7 4. Nc3 a6 5. Be2 Nb6 6. Nf3 Nbxd5 7. d4 e6 8. Bg5 Be7 9. Qd2 Nxc3 10. bxc3 O-O 11. Bd3 b5 12. a4 Bb7 13. axb5 axb5 14. Rxa8 Qxa8 15. Ne5 Qa1+ 16. Qd1 Qxc3+ 17. Kf1 Ra8 18. f3 Ra1 19. Bc1 Ba3 20. Ke2 Rxc1 21. Qxc1 Bxc1 22.
Rxc1 Qxd4 23. Ng4 0-1

[Event "*** SCC Grand Prix: Titled Tuesday Blitz"]
[Site "Chess.com"]
[Date "2020.10.13"]
[Round "7"]
[White "Baby_Legs"]
[Black "SamuelGhimpu2003"]
[Result "0-1"]
[WhiteElo "2691"]
[BlackElo "2586"]
[TimeControl "180+1"]
[EndTime "11:13:48 PDT"]
[Termination "SamuelGhimpu2003 won by resignation"]

1. b3 e5 2. Bb2 Nc6 3. e3 Nf6 4. Bb5 Bd6 5. Na3 a6 6. Be2 Be7 7. c4 O-O 8. Nf3 e4 9. Ng1 d5 10. cxd5 Qxd5 11. Nc2 Rd8 12. h4 Ne5 13.
Bc3 c5 14. Nh3 Nd3+ 15. Kf1 b5 16. Rb1 Qf5 17. Bxd3 exd3 18. Ne1 Bb7 19. Nf4 Bd6 20. g4 Nxg4 0-1

[Event "*** SCC Grand Prix: Titled Tuesday Blitz"]
[Site "Chess.com"]
[Date "2020.10.13"]
[Round "7"]
[White "doons21"]
[Black "Reader777"]
[Result "0-1"]
[WhiteElo "2568"]
[BlackElo "2702"]
[TimeControl "180+1"]
[EndTime "11:13:49 PDT"]
[Termination "Reader777 won by resignation"]

1. e4 c5 2. c3 Nf6 3. e5 Nd5 4. d4 cxd4 5. Nf3 Nc6 6. Bc4 Nb6 7. Bb3 d6 8. exd6 Qxd6 9. O-O g6 10. cxd4 Bg7 11.
h3 O-O 12. Qe2 Nxd4 13. Nxd4 Bxd4 14. Rd1 e5 15. Nc3 Be6 16. Ne4 Qe7 17. Bg5 f6 18.
Nxf6+ Rxf6 19. Bxe6+ Qxe6 20. Rxd4 exd4 0-1

[Event "*** SCC Grand Prix: Titled Tuesday Blitz"]
[Site "Chess.com"]
[Date "2020.10.13"]
[Round "7"]
[White "UCantHandleDenker"]
[Black "kidagent"]
[Result "1-0"]
[WhiteElo "2529"]
[BlackElo "2275"]
[TimeControl "180+1"]
[EndTime "11:13:53 PDT"]
[Termination "UCantHandleDenker won by resignation"]

1. Nf3 d5 2. g3 Nf6 3. Bg2 Bf5 4. O-O e6 5. d3 Be7 6. Nbd2 O-O 7. c4 c6 8. b3 Nbd7 9. Bb2 dxc4 10. bxc4 Qc7 11. Qc2 Rfd8 12. Rab1 Rac8 13. Bc3 b6 14. Nd4 c5 15.
Nxf5 exf5 16. Nf3 Nf8 17. Nh4 g6 18. Qb2 Nh5 19. Bf3 Bxh4 20. gxh4 Nf4 21. Be5 Nh3+ 22.
Kg2 Nf4+ 23. Kg3 1-0

[Event "*** SCC Grand Prix: Titled Tuesday Blitz"]
[Site "Chess.com"]
[Date "2020.10.13"]
[Round "7"]
[White "swayamsm"]
[Black "Ajedrez_con_German"]
[Result "1-0"]
[WhiteElo "2634"]
[BlackElo "2491"]
[TimeControl "180+1"]
[EndTime "11:14:06 PDT"]
[Termination "swayamsm won by resignation"]

1. d4 d5 2. Nf3 c6 3. c4 Nf6 4. Nc3 e6 5. Bg5 Nbd7 6. e3 h6 7. Bh4 g5 8. Bg3 Nh5 9. Bd3 Bg7 10. Bd6 dxc4 11. Bxc4 Nb6 12. Nd2 Nf6 13. Ba3 Bf8 14. Bxf8 Kxf8 15. h4 Kg7 16. Bb3 Nbd5 17. Nf3 Nxc3 18. bxc3 Ne4 19. Qc2 Nd6 20. hxg5 hxg5 21. Rxh8 Kxh8 22. O-O-O Kg7 23. Rh1 f5 24. Ne5 Bd7 25.
Qe2 g4 26. f3 Nf7 27. Nxf7 Kxf7 28. fxg4 1-0

[Event "*** SCC Grand Prix: Titled Tuesday Blitz"]
[Site "Chess.com"]
[Date "2020.10.13"]
[Round "7"]
[White "barbara25"]
[Black "korkmaz16"]
[Result "0-1"]
[WhiteElo "2249"]
[BlackElo "2367"]
[TimeControl "180+1"]
[EndTime "11:14:06 PDT"]
[Termination "korkmaz16 won by resignation"]

1. e4 e6 2. d4 d5 3. Nc3 Nf6 4. Bg5 Be7 5. e5 Nfd7 6. h4 Bxg5 7. hxg5 Qxg5 8. Nf3 Qe7 9. Bd3 h6 10. Qe2 Nc6 11. g4 Nb6 12. g5 Bd7 13. gxh6 gxh6 14.
O-O-O O-O-O 15. Rh5 Na5 16. Rdh1 Nac4 17. a3 c5 18. Rxh6 Rxh6 19. Rxh6 cxd4 20. Nb1 Rg8 21. Rf6 Qc5 22. Rxf7 Be8 23. Rf6 Bh5 24. Rxe6 Rg1+ 25. Nxg1 Bxe2 26. Nxe2 Qf8 27. f4 Qh8 28. Ng3 Qh2 29. Rg6 Qg1+ 30. Nf1 Qf2 31. Bf5+ Kc7 32. Rg7+ Kc6 33. Rg6+ Kb5 34. a4+ Ka5 35. b4+ Kxb4 0-1

[Event "*** SCC Grand Prix: Titled Tuesday Blitz"]
[Site "Chess.com"]
[Date "2020.10.13"]
[Round "7"]
[White "Aleksey_Sorokin"]
[Black "Sankalp_Gupta2003"]
[Result "1-0"]
[WhiteElo "2839"]
[BlackElo "2729"]
[TimeControl "180+1"]
[EndTime "11:14:08 PDT"]
[Termination "Aleksey_Sorokin won by resignation"]

1. d4 Nf6 2. c4 g6 3. Nc3 Bg7 4.
e4 d6 5. Nf3 O-O 6. Be2 e5 7.
O-O Nbd7 8. Be3 Qe7 9. Qc2 c6 10. Rfe1 Ng4 11. Bg5 f6 12. Bh4 h5 13. h3 Nh6 14.
Rad1 Rf7 15. c5 dxc5 16. dxe5 Nxe5 17. Nxe5 Qxe5 18. Bc4 Kh7 19. Bxf7 Nxf7 20. Bg3 Qg5 21. Ne2 h4 22. Bf4 Qh5 23. f3 Be6 24. b3 b6 25.
Bc1 g5 26. f4 g4 27. f5 Bc8 28. Nf4 Qg5 29. Ne6 Qh5 30. Nxg7 Kxg7 31. Qe2 Ne5 32. Bf4 1-0

[Event "*** SCC Grand Prix: Titled Tuesday Blitz"]
[Site "Chess.com"]
[Date "2020.10.13"]
[Round "7"]
[White "Chesswizard_2007"]
[Black "hungrycaterpillar4"]
[Result "1-0"]
[WhiteElo "2582"]
[BlackElo "2682"]
[TimeControl "180+1"]
[EndTime "11:14:08 PDT"]
[Termination "Chesswizard_2007 won by resignation"]

1. Nh3 Na6 2. g3 b6 3. Bg2 c6 4.
O-O Nc7 5. f4 Bb7 6. e4 d5 7. e5 c5 8. c3 e6 9. d4 g6 10. Be3 h5 11. Nd2 c4 12. Nxc4 Nh6 13.
Nd2 Nf5 14. Bf2 Ba6 15. Re1 b5 16. b4 Be7 17. Nb3 Bc8 18. Qd2 Rb8 19. Bf1 Bd7 20. Nc5 Bc6 21. Ng5 Bxc5 22. bxc5 a5 23. Bd3 O-O 24.
h3 b4 25. Bxf5 exf5 26. e6 fxe6 27. Nxe6 Nxe6 28. Rxe6 Rf6 29. Rae1 Bd7 30. Re7 b3 31. axb3 Rxb3 32. Qe3 Rb7 33. Qe5 1-0

[Event "*** SCC Grand Prix: Titled Tuesday Blitz"]
[Site "Chess.com"]
[Date "2020.10.13"]
[Round "7"]
[White "sjam6687"]
[Black "margarita_2703"]
[Result "1/2-1/2"]
[WhiteElo "2555"]
[BlackElo "2398"]
[TimeControl "180+1"]
[EndTime "11:14:11 PDT"]
[Termination "Game drawn by repetition"]

1. d4 d5 2. c4 c6 3. Nc3 Nf6 4. cxd5 cxd5 5. Nf3 Nc6 6. g3 Bg4 7. Bg2 e6 8. O-O Bd6 9. h3 Bh5 10. Bg5 h6 11. Bxf6 Qxf6 12. e4 dxe4 13. Nxe4 Qe7 14. d5 Bxf3 15. Bxf3 exd5 16. Nxd6+ Qxd6 17. Qxd5 Qxd5 18. Bxd5 O-O 19. Rac1 Rfd8 20. Bxc6 bxc6 21. Rxc6 Rd2 22.
Rb1 Re8 23. Rc5 Ree2 24. Rf5 Rxb2 25. Rxb2 Rxb2 26. Ra5 Rb7 27. f4 Kh7 28. Kf2 g6 29. Kf3 Kg7 30. a4 h5 31. Ra6 Rb3+ 32. Kg2 Rb2+ 33. Kf3 Rb3+ 34. Kg2 Rb2+ 35. Kf3 Rb3+ 1/2-1/2

[Event "*** SCC Grand Prix: Titled Tuesday Blitz"]
[Site "Chess.com"]
[Date "2020.10.13"]
[Round "7"]
[White "GigaQuparadze"]
[Black "Kavyev_Ruslan"]
[Result "1-0"]
[WhiteElo "2946"]
[BlackElo "2559"]
[TimeControl "180+1"]
[EndTime "11:14:19 PDT"]
[Termination "GigaQuparadze won by checkmate"]

1. e4 c5 2. Nf3 d6 3. d4 cxd4 4. Nxd4 Nf6 5. Nc3 a6 6. h3 e5 7. Nb3 Be6 8. f4 g6 9. Qf3 Nc6 10. g4 d5 11. f5 gxf5 12. exf5 Bd7 13. Bg5 d4 14. Ne4 Be7 15. Bxf6 Bxf6 16. O-O-O Qe7 17. Nbc5 O-O-O 18. Nxd7 Rxd7 19. Bc4 Bg5+ 20. Kb1 Bf4 21. a3 Kb8 22. g5 Rc8 23. h4 Na5 24. Bb3 Rdc7 25.
Ka2 Nxb3 26. cxb3 Rc2 27. Qd3 Qc7 28. Rb1 Rg2 29. Qf3 Qc2 30. Nd6 Rc3 31. Qxb7# 1-0

[Event "*** SCC Grand Prix: Titled Tuesday Blitz"]
[Site "Chess.com"]
[Date "2020.10.13"]
[Round "7"]
[White "romulocardoso"]
[Black "DrMamaliga"]
[Result "0-1"]
[WhiteElo "2094"]
[BlackElo "2362"]
[TimeControl "180+1"]
[EndTime "11:14:20 PDT"]
[Termination "DrMamaliga won by checkmate"]

1. e4 d6 2. d4 Nf6 3. Nc3 g6 4. Nf3 Bg7 5. Bd3 O-O 6. O-O Nc6 7. Re1 Bg4 8. Be3 Nd7 9. h3 Bxf3 10. Qxf3 Nxd4 11. Bxd4 Bxd4 12. Nb5 Bg7 13. e5 Nxe5 14.
Qxb7 Nxd3 15. cxd3 Rb8 16. Qa6 Rb6 17. Qa5 Qb8 18.
Nxa7 Qb7 19. Rxe7 Ra8 20. Qg5 Qxa7 21. Qd5 Rf8 22. Rc1 Rxb2 23. Rcxc7 Qxf2+ 24. Kh1 Rb1+ 25. Kh2 Be5+ 26. Rxe5 dxe5 27. Qxe5 Qg1+ 28. Kg3 Re1 29. Qf4 Qe3+ 30. Qxe3 Rxe3+ 31. Kf4 Rxd3 32. a4 Ra8 33. Rc4 Ra3 34. Kg5 Kg7 35. g4 h6+ 36. Kh4 g5+ 37.
Kh5 Rxh3# 0-1

[Event "*** SCC Grand Prix: Titled Tuesday Blitz"]
[Site "Chess.com"]
[Date "2020.10.13"]
[Round "7"]
[White "Azerichess"]
[Black "Supernotar"]
[Result "1-0"]
[WhiteElo "2963"]
[BlackElo "2840"]
[TimeControl "180+1"]
[EndTime "11:14:28 PDT"]
[Termination "Azerichess won by resignation"]

1. d4 d5 2. c4 dxc4 3. e3 Nf6 4.
Nf3 e6 5. Bxc4 a6 6. O-O b5 7. Be2 Bb7 8. b3 Nbd7 9. a4 b4 10. Bb2 c5 11. Nbd2 Be7 12. Rc1 O-O 13. dxc5 Nxc5 14.
Bxf6 gxf6 15. Nd4 Kh8 16. Bf3 Bxf3 17. Qxf3 Nd3 18. Rc2 Ne5 19. Qb7 Rg8 20. g3 a5 21.
Nc4 Nxc4 22. Rxc4 Rb8 23. Qf3 Qd7 24. Rfc1 Rbc8 25. Nc6 Rg6 26. Nxe7 1-0

[Event "*** SCC Grand Prix: Titled Tuesday Blitz"]
[Site "Chess.com"]
[Date "2020.10.13"]
[Round "7"]
[White "CarlssonLudvig"]
[Black "AsaHoffmann"]
[Result "0-1"]
[WhiteElo "2467"]
[BlackElo "2355"]
[TimeControl "180+1"]
[EndTime "11:14:31 PDT"]
[Termination "AsaHoffmann won by resignation"]

1. c4 Nf6 2. Nc3 d6 3. e4 e5 4.
g3 c6 5. Bg2 Be6 6. d3 Be7 7.
Nge2 d5 8. exd5 cxd5 9. Qb3 Nbd7 10. cxd5 Nc5 11. Qc4 Bf5 12. Be4 Bxe4 13. dxe4 Rc8 14. Qb5+ Kf8 15. f3 a6 16. Qc4 b5 17. Nxb5 axb5 18. Qxb5 Rb8 19. Qc4 h5 20. h3 g6 21. Kf2 Kg7 22. b4 Rxb4 23. Qc3 Ncxe4+ 0-1

[Event "*** SCC Grand Prix: Titled Tuesday Blitz"]
[Site "Chess.com"]
[Date "2020.10.13"]
[Round "7"]
[White "Alexander_Zubov"]
[Black "valeriocarnicelli"]
[Result "1-0"]
[WhiteElo "2912"]
[BlackElo "2564"]
[TimeControl "180+1"]
[EndTime "11:14:32 PDT"]
[Termination "Alexander_Zubov won by resignation"]

1. d4 d5 2. Nf3 Nf6 3. c4 c6 4. Qb3 dxc4 5. Qxc4 Bg4 6. Nbd2 e6 7. g3 Nbd7 8. Bg2 Be7 9. O-O O-O 10. Qb3 Nb6 11. e3 Qd5 12. Ne5 Qxb3 13. Nxb3 Bh5 14. Na5 Rab8 15.
Bd2 Bg6 16. Rfc1 Rfd8 17. Nexc6 bxc6 18. Nxc6 Bf8 19. b4 Be4 20. Nxb8 Rxb8 21. a4 Nbd5 22. b5 Bxg2 23. Kxg2 Ne4 24. Be1 Bd6 25. Rc6 Ne7 26. Ra6 Nc8 27. Rc1 Kf8 28. f3 1-0

[Event "*** SCC Grand Prix: Titled Tuesday Blitz"]
[Site "Chess.com"]
[Date "2020.10.13"]
[Round "7"]
[White "shriyanasmallya"]
[Black "ChronicUnhappiness"]
[Result "0-1"]
[WhiteElo "1630"]
[BlackElo "2355"]
[TimeControl "180+1"]
[EndTime "11:14:35 PDT"]
[Termination "ChronicUnhappiness won by resignation"]

1. e4 d6 2. d4 Nf6 3. Nc3 g6 4. Nf3 Bg7 5. Bd3 O-O 6. Be3 Bg4 7. Qd2 Nc6 8. O-O-O e5 9. d5 Nd4 10. Be2 Bxf3 11.
gxf3 c5 12. dxc6 bxc6 13. Bxd4 exd4 14. Qxd4 Nd5 15. Qc4 Nxc3 16. bxc3 Qg5+ 17. Kb1 Rab8+ 18. Ka1 Qa5 19. a4 Bxc3+ 20. Ka2 Rb4 21. Qxc6 Rb2+ 22. Ka1 Rb5+ 23. Qxc3 Qxc3+ 0-1

[Event "*** SCC Grand Prix: Titled Tuesday Blitz"]
[Site "Chess.com"]
[Date "2020.10.13"]
[Round "7"]
[White "anpospan"]
[Black "WuinaterJr"]
[Result "1-0"]
[WhiteElo "2389"]
[BlackElo "2514"]
[TimeControl "180+1"]
[EndTime "11:14:41 PDT"]
[Termination "anpospan won by resignation"]

1. Nf3 c5 2. g3 Nc6 3. Bg2 g6 4. O-O Bg7 5. c3 Nf6 6. d4 d5 7. Nbd2 cxd4 8. cxd4 O-O 9. e3 a6 10. a4 Bf5 11. Qb3 Na5 12. Qb4 Rc8 13. b3 b6 14.
Ba3 Nc6 15. Qc3 Ne4 16. Qb2 Qd7 17. Rac1 Rc7 18. Nxe4 Bxe4 19. Ne5 Nxe5 20. Bxe4 dxe4 21. dxe5 Rfc8 22. Qd4 Rxc1 23. Qxd7 1-0